 Dungeon Crawl Stone Soup version 0.25-a0-322-g3677130 (webtiles) character file.

Game seed: 3474719077249786611, levelgen mode: deterministic

603475 Birdy the Acrobat (level 27, -2/197 HPs)
             Began as a Halfling Monk on Dec 26, 2019.
             Was an Elder of Wu Jian.
             Killed from afar by a starcursed mass (16 damage)
             ... with an accursed screaming
             ... on level 13 of a ziggurat on Dec 28, 2019.
             The game lasted 05:58:24 (63310 turns).

Birdy the Acrobat (Halfling Monk)                  Turns: 63310, Time: 05:58:25

Health: -2/197     AC: 27    Str: 15    XL:     27
Magic:  23/30      EV: 50    Int:  8    God:    Wu Jian [****..]
Gold:   2433       SH: 14    Dex: 50    Spells: 25/26 levels left

rFire    + + +     SeeInvis +   b - +10 zealot's sword {holy, *Rage rN+ EV+3}
rCold    + + +     Gourm    .   M - +3 buckler {reflect}
rNeg     + + .     Faith    .   i - quicksilver dragon scales
rPois    +         Spirit   .   K - +2 helmet {SInv}
rElec    .         Reflect  +   G - scarf {repulsion}
rCorr    .         Harm     .   V - +2 pair of gloves {Dex+3}
MR       +++..     Rnd*Rage +   P - +2 pair of boots {Fly}
Stlth    +++++++++.             F - amulet of the Postmodern Lies {Fragile rC++ Regen+ Dex+6}
HPRegen  0.82/turn              Z - ring "Caimogyum" {*Drain rPois rF+++ rC+ Dex+4}
MPRegen  0.22/turn              q - ring "Wuskouh" {rN+ Str+3 Stlth+}

@: agile, exhausted, berserk cooldown, flying, very slightly contaminated,
slowed, studying Charms, drained, repel missiles, very slow
A: small, thin skeletal structure 1, [berserk 2], low mp 1, mutation resistance
1
}: 4/15 runes: decaying, slimy, silver, gossamer
a: Wall Jump, Serpent's Lash, Renounce Religion, Stop Flying


You were on level 13 of a ziggurat.
You worshipped Wu Jian.
Wu Jian was greatly pleased with you.
You were not hungry.

You visited 10 branches of the dungeon, and saw 47 of its levels.
You visited the Abyss 3 times.
You visited 1 ziggurat, and saw 13 of its levels.
You also visited: Sewer, Gauntlet, Ice Cave, Volcano, Wizlab and Desolation.

You collected 5721 gold pieces.
You spent 3288 gold pieces at shops.

Inventory:

Hand Weapons
 a - a +6 demon blade of electrocution
 b - the +10 zealot's sword (weapon) {holy, *Rage rN+ EV+3}
   (You took it off a ragged hierophant in the Desolation of Salt)

   It has been blessed by the Shining One to cause great damage to the undead
   and demons.
   It affects your evasion (+3).
   It protects you from negative energy.
   It may make you go berserk in combat.
 h - a +6 double sword of slicing
Armour
 f - a +2 hat of magic resistance
 i - quicksilver dragon scales (worn)
 t - a scarf of spirit shield
 G - a scarf of repulsion (worn)
 K - a +2 helmet of see invisible (worn)
 M - a +3 buckler of reflection (worn)
 P - a +2 pair of boots of flying (worn)
 V - a +2 pair of gloves of dexterity (worn)
Jewellery
 j - the ring "Oxij" {rCorr Int+8}
   (You found it on level 8 of a ziggurat)

   [ring of resist corrosion]

   It affects your intelligence (+8).
   It provides partial protection from all sources of acid and corrosion.
 k - an uncursed ring of protection from magic
 q - the ring "Wuskouh" (right hand) {rN+ Str+3 Stlth+}
   (You found it on level 5 of the Vaults)

   [ring of positive energy]

   It affects your strength (+3).
   It protects you from negative energy.
   It makes you more stealthy.
 r - the amulet of Voimasae {RegenMP Dex+7 Slay+3}
   (You took it off a vault sentinel on level 5 of the Vaults)

   [amulet of magic regeneration]

   It increases your magic regeneration.
   It affects your dexterity (+7).
   It affects your accuracy and damage with ranged weapons and melee attacks
   (+3).
 u - the ring "Ulediuw" {+Inv rElec MR- Str+3 Stlth+}
   (You found it in the Desolation of Salt)

   [ring of strength]

   It affects your strength (+3).
   It insulates you from electricity.
   It affects your resistance to hostile enchantments.
   It lets you turn invisible.
   It makes you more stealthy.
 C - an uncursed ring of positive energy
 F - the amulet of the Postmodern Lies (around neck) {Fragile rC++ Regen+ Dex+6}
   (You found it in the Desolation of Salt)

   [amulet of regeneration]

   It affects your dexterity (+6).
   It greatly protects you from cold.
   It increases your rate of regeneration.
   It will be destroyed if unequipped.
 X - the amulet "Moxtymn" {Gourm rF+ rC+ Slay+3, unknown}
   (You found it on level 11 of a ziggurat)

   [amulet of the gourmand]

   It allows you to eat raw meat even when not hungry.
   It affects your accuracy and damage with ranged weapons and melee attacks
   (+3).
   It protects you from fire.
   It protects you from cold.
 Y - the ring "Ewia" {Wiz rN+ Dex+3}
   (You found it on level 11 of a ziggurat)

   [ring of wizardry]

   It improves your spell success rate.
   It affects your dexterity (+3).
   It protects you from negative energy.
 Z - the ring "Caimogyum" (left hand) {*Drain rPois rF+++ rC+ Dex+4}
   (You found it in the Desolation of Salt)

   [ring of protection from cold]

   It affects your dexterity (+4).
   It renders you almost immune to fire.
   It protects you from cold.
   It protects you from poison.
   It causes draining when unequipped.
Wands
 w - a wand of acid (24)
 E - a wand of disintegration (49)
 T - a wand of iceblast (43)
 W - a wand of paralysis (45)
Scrolls
 e - 15 scrolls of teleportation
 g - 2 scrolls of magic mapping
 n - 4 scrolls of holy word
 v - 7 scrolls of fog
 y - 17 scrolls of remove curse
 A - 5 scrolls of silence
 N - a scroll of fear
Potions
 l - 2 potions of curing
 s - 3 potions of mutation
 x - a potion of ambrosia
 z - 3 potions of magic
 B - 2 potions of invisibility
 D - 3 potions of resistance
 I - 4 potions of lignification
 U - a potion of berserk rage
Books
 o - a manual of Charms
Miscellaneous
 m - a lightning rod (4/4)
 H - a crystal ball of energy
 O - a phial of floods
 S - a fan of gales
Comestibles
 c - 50 rations


   Skills:
 + Level 18.4(16.9) Fighting
 + Level 23.6(21.9) Long Blades
   Level 6.4(5.3) Slings
 + Level 19.7(18.2) Armour
 + Level 24.8(23.1) Dodging
 + Level 14.3(12.9) Stealth
 - Level 5.6(4.5) Shields
 - Level 3.2(2.2) Summonings
 - Level 15.0(13.6) Evocations


You had 25 spell levels left.
You knew the following spells:

 Your Spells              Type           Power        Failure   Level  Hunger
a - Summon Butterflies    Summ           #.......     30%         1    ##.....

Your spell library contained the following spells:

 Spells                   Type           Power        Failure   Level  Hunger
 Summon Small Mammal      Summ           #...         30%         1    ##.....
 Call Imp                 Summ           #.......     41%         2    ###....
 Animate Skeleton         Necr           N/A          58%         1    ##.....
 Apportation              Tloc           #.....       58%         1    ##.....
 Beastly Appendage        Tmut           #.....       58%         1    ##.....
 Confusing Touch          Hex            #.....       58%         1    ##.....
 Corona                   Hex            #......      58%         1    ##.....
 Freeze                   Ice            #...         58%         1    ##.....
 Infusion                 Chrm           #...         58%         1    ##.....
 Magic Dart               Conj           #...         58%         1    ##.....
 Pain                     Necr           #...         58%         1    ##.....
 Sting                    Tmut/Pois      #...         58%         1    ##.....
 Call Canine Familiar     Summ           #.......     65%         3    ####...
 Blink                    Tloc           N/A          73%         2    ###....
 Corpse Rot               Necr/Air       N/A          73%         2    ###....
 Ensorcelled Hibernation  Hex/Ice        #.....       73%         2    ###....
 Passwall                 Tmut/Erth      #.......     73%         2    ###....
 Poisonous Vapours        Pois/Air       #.....       73%         2    ###....
 Shroud of Golubria       Chrm/Tloc      #.....       73%         2    ###....
 Slow                     Hex            #.......     73%         2    ###....
 Sticks to Snakes         Tmut           #.......     73%         2    ###....
 Sublimation of Blood     Necr           #.........   73%         2    ###....
 Swiftness                Chrm/Air       #.......     73%         2    ###....
 Recall                   Summ/Tloc      N/A          80%         3    ####...
 Summon Guardian Golem    Hex/Summ       #.......     80%         3    ####...
 Confuse                  Hex            #.......     91%         3    ####...
 Conjure Flame            Conj/Fire      #.......     91%         3    ####...
 Dazzling Flash           Conj/Hex       #.....       91%         3    ####...
 Gell's Gravitas          Tloc           #.........   91%         3    ####...
 Ignite Poison            Fire/Tmut/Pois #.......     91%         3    ####...
 Lesser Beckoning         Tloc           #.........   91%         3    ####...
 Mephitic Cloud           Conj/Pois/Air  #.......     91%         3    ####...
 Ozocubu's Armour         Chrm/Ice       #.......     91%         3    ####...
 Portal Projectile        Hex/Tloc       #.....       91%         3    ####...
 Regeneration             Chrm/Necr      #.........   91%         3    ####...
 Spider Form              Tmut/Pois      #.........   91%         3    ####...
 Teleport Other           Tloc           #.......     91%         3    ####...
 Tukima's Dance           Hex            #.......     91%         3    ####...
 Vampiric Draining        Necr           #.........   91%         3    ####...
 Summon Ice Beast         Ice/Summ       #.......     99%         4    #####..
 Summon Lightning Spire   Summ/Air       #.......     99%         4    #####..
 Animate Dead             Necr           N/A          100%        4    #####..
 Cause Fear               Hex            #.........   100%        4    #####..
 Hailstorm                Conj/Ice       #.......     100%        4    #####..
 Ice Form                 Ice/Tmut       #.......     100%        4    #####..
 Iskenderun's Mystic Bla  Conj/Tloc      #.......     100%        4    #####..
 Leda's Liquefaction      Hex/Erth       #.........   100%        4    #####..
 Olgreb's Toxic Radiance  Pois           #.......     100%        4    #####..
 Passage of Golubria      Tloc           N/A          100%        4    #####..
 Petrify                  Tmut/Erth      #.......     100%        4    #####..
 Agony                    Necr           #.......     100%        5    ######.
 Alistair's Intoxication  Tmut/Pois      #.......     100%        5    ######.
 Aura of Abjuration       Summ           #.........   100%        5    ######.
 Blade Hands              Tmut           #.........   100%        5    ######.
 Bolt of Magma            Conj/Fire/Erth #.........   100%        5    ######.
 Borgnjor's Vile Clutch   Necr/Erth      #.........   100%        5    ######.
 Dispel Undead            Necr           #.......     100%        5    ######.
 Excruciating Wounds      Chrm/Necr      #.........   100%        5    ######.
 Irradiate                Conj/Tmut      #.........   100%        5    ######.
 Lee's Rapid Deconstruct  Erth           #.........   100%        5    ######.
 Metabolic Englaciation   Hex/Ice        #.........   100%        5    ######.
 Silence                  Hex/Air        #.........   100%        5    ######.
 Summon Demon             Summ           #.........   100%        5    ######.
 Summon Forest            Summ/Tloc      #.........   100%        5    ######.
 Summon Mana Viper        Hex/Summ       #.......     100%        5    ######.
 Yara's Violent Unravell  Hex/Tmut       #.........   100%        5    ######.
 Conjure Ball Lightning   Conj/Air       #.........   100%        6    #######
 Darkness                 Hex            #.........   100%        6    #######
 Death Channel            Necr           #.........   100%        6    #######
 Deflect Missiles         Chrm/Air       #.........   100%        6    #######
 Dispersal                Tloc           #.........   100%        6    #######
 Eringya's Noxious Bog    Tmut/Pois      #.........   100%        6    #######
 Freezing Cloud           Conj/Ice/Air   #.........   100%        6    #######
 Invisibility             Hex            #.......     100%        6    #######
 Iron Shot                Conj/Erth      #.........   100%        6    #######
 Ozocubu's Refrigeration  Ice            #.........   100%        6    #######
 Shadow Creatures         Summ           N/A          100%        6    #######
 Simulacrum               Ice/Necr       #.........   100%        6    #######
 Statue Form              Tmut/Erth      #........    100%        6    #######
 Ring of Flames           Chrm/Fire      #.........   100%        7    #######
 Spellforged Servitor     Conj/Summ      #.........   100%        7    #######
 Summon Hydra             Summ           #.........   100%        7    #######
 Controlled Blink         Tloc           N/A          100%        8    #######
 Discord                  Hex            #.........   100%        8    #######
 Disjunction              Tloc           #.........   100%        8    #######
 Ignition                 Fire           #.........   100%        8    #######
 Shatter                  Erth           #.........   100%        9    #######
 Tornado                  Air            #.........   100%        9    #######


Dungeon Overview and Level Annotations

Branches:
Dungeon (15/15)            Temple (1/1) D:6            Lair (6/6) D:9
  Swamp (4/4) Lair:2       Spider (4/4) Lair:3        Slime (5/5) Lair:5
    Orc (2/2) D:12            Elf (3/3) Orc:2        Vaults (5/5) D:13
  Crypt (0/3) Vaults:2     Depths (2/5) D:15          Sewer (visited)
  IceCv (visited)         Volcano (visited)          WizLab (visited)
Desolation (visited)      Gauntlet (visited)

Altars:
Ashenzari
Cheibriados
Dithmenos
Elyvilon
Fedhas
Gozag
Hepliaklqana
Kikubaaqudgha
Makhleb
Nemelex Xobeh
Okawaru
Qazlal
Ru
Sif Muna
Trog
Uskayaw
Vehumet
Wu Jian
Xom
Yredelemnul
Zin
The Shining One
Beogh

Shops:
D:10 ?   D:12 *   Orc:2 [[*}(}??   Elf:1 [   Elf:2 [[   Elf:3 =   Vaults:1 *
Vaults:2 [   Vaults:3 *   Vaults:4 }   Vaults:5 *   Depths:1 }=}

Portals:
Hell: Depths:1

Annotations:
Depths:1 exclusion: orange crystal statue


Innate Abilities, Weirdness & Mutations

You are small and have problems with some larger weapons.
You are somewhat resistant to further mutation.
You have a somewhat thin skeletal structure. (Dex +2, Stealth)
Your magical capacity is low. (-10% MP)
[You often lose your temper in combat.]


Message History

The wretched star is lightly damaged.
You slash the wretched star!
The wretched star is lightly damaged.
You slash the wretched star!
The wretched star is moderately damaged.
You repeatedly attack the large abomination from above.
You barely miss the large abomination.
The large abomination is moderately damaged.
You slash the large abomination!
The large abomination convulses!
The large abomination is severely damaged.
You slash the large abomination!
The large abomination convulses!
You destroy the large abomination!
The Council accepts your kill.
You repeatedly attack the starcursed mass from above.
You hit the starcursed mass.
The starcursed mass is lightly damaged.
The starcursed mass shudders and is absorbed by its neighbour.
A starcursed mass splits.
A deafening chorus of shrieks assaults your mind!
You die...

▓▓▓▓▓▓▓▓▓▓▓
▓.........▓
▓.........▓
▓§§§......▓
▓§§°○.....▓
▓▓▓▓▓▓▓▓X*@○.....▓
▓.....X§XXX§......
▓.....X§XXX§......
▓...e.....§.......
▓........X........
▓∩.†XX.X.XX.......
▓.exXXX.XX........
▓..X.hXX..........
▓......*.X.....


You could see 7 starcursed masses and a wretched star.

Vanquished Creatures
  Bai Suzhen (Vaults:3)
  The ghost of Faosm the Warrior, a veteran HOFi of Okawaru (Vaults:3)
  Xtahua (Vaults:2)
  A pandemonium lord (Zig:8)
  3 golden dragons
  A bone dragon (Abyss:2)
  5 liches
  Jorgrun (D:12)
  A Hell Sentinel (Zig:8)
  Rupert (D:14)
  3 tentacled monstrosities
  31 acid blobs
  2 titans (Vaults:5)
  2 quicksilver dragons (Vaults:5)
  2 tentacled starspawn
  The ghost of Caeligo the Thaumaturge, an adept GnWz of Ashenzari (Swamp:4)
  2 deep elf blademasters
  2 deep elf master archers (Elf:3)
  A sphinx (Vaults:2)
  A thorn hunter (Swamp:2)
  3 tengu reavers (Vaults:5)
  2 shadow dragons (Vaults:5)
  Kirke (D:15)
  2 draconian monks (Zig:12)
  4 storm dragons (Vaults:5)
  15 azure jellies
  5 nagarajas (Zig:10)
  5 frost giants
  12 vault wardens
  13 deep elf sorcerers
  An iron dragon (Zig:9)
  4 fire giants
  The ghost of Magugala the Blocker, a journeyman MiFi of Qazlal (Orc:2)
  A draconian knight (Zig:12)
  11 emperor scorpions
  2 imperial myrmidons (Desolation)
  2 draconian scorchers (Zig:12)
  A draconian stormcaller (Zig:12)
  A ghost moth (shapeshifter) (Vaults:5)
  3 draconian shifters (Zig:12)
  6 ghost moths
  A cacodemon (Zig:8)
  A warmonger (Zig:8)
  5 deep elf elementalists (Elf:3)
  Aizul (Swamp:1)
  The ghost of Nutuagag the Grappler, a journeyman NaTm (Orc:1)
  16 ironheart preservers
  A draconian annihilator (Zig:12)
  3 war gargoyles
  9 entropy weavers
  2 reapers
  7 stone giants
  A green draconian (Zig:12)
  13 very ugly things
  2 vampire knights
  A lorocyproca (Zig:13)
  3 halazid warlocks (Desolation)
  4 deep elf annihilators
  2 yellow draconians (Zig:12)
  A minotaur (Gauntlet)
  9 deep elf demonologists
  A red draconian (Zig:12)
  A spark wasp (Spider:2)
  A white draconian (Zig:12)
  Snorg (D:11)
  5 death oozes
  The ghost of Recean the Fighter, a journeyman OgHu of Okawaru (D:11)
  3 jiangshi (Depths:2)
  2 crystal guardians (Desolation)
  6 deep elf death magi
  A blizzard demon (Zig:8)
  5 orange crystal statues
  13 ettins
  7 ragged hierophants (Desolation)
  2 fire dragons
  A green death (Zig:7)
  7 deep elf high priests
  15 great orbs of eyes
  4 servants of whispers (Desolation)
  15 yaktaur captains
  5 ice dragons
  2 ghost crabs
  3 rakshasas
  27 vault guards
  29 hydras
  2 shambling mangroves
  8 peacekeepers (Desolation)
  A hell beast (Gauntlet)
  8 centaur warriors
  27 alligators
  22 ogre magi
  A merfolk avatar (Lair:6)
  55 two-headed ogres
  2 anacondas (Zig:10)
  28 dancing weapons
  A catoblepas (D:13)
  A deep troll earth mage (Depths:2)
  9 death knights
  A hell hog (Zig:13)
  4 vampire magi
  2 spriggan berserkers (Depths:2)
  A titan zombie (Depths:1)
  2 naga sharpshooters (Zig:10)
  5 thrashing horrors
  Sonja (Lair:1)
  Nergalle (D:12)
  4 wretched stars
  A titan skeleton (Abyss:3)
  A salamander mystic (Zig:10)
  A sixfirhy (Zig:13)
  18 deep elf knights
  A spatial maelstrom (Zig:13)
  4 skeletal warriors
  4 unseen horrors
  4 shadow wraiths
  A death drake (shapeshifter) (Vaults:3)
  2 naga ritualists (Zig:10)
  A sea snake (Lair:6)
  20 deep trolls
  3 flayed ghosts
  3 glowing orange brains
  9 wizards
  8 spriggan druids
  16 swamp dragons
  13 deep elf archers
  A tengu zombie (Vaults:1)
  A sphinx zombie (Zig:9)
  7 necromancers
  4 phantasmal warriors
  53 deep elf magi
  15 ironbrand convokers
  A harpy (shapeshifter) (Elf:2)
  16 orb spiders
  A mana viper (Zig:10)
  11 orc knights
  A shadow dragon zombie (Zig:9)
  45 ugly things
  A frost giant zombie (Zig:9)
  An orb spider (shapeshifter) (Vaults:1)
  4 shining eyes
  A shadow dragon skeleton (Depths:1)
  8 cyclopes
  10 orc sorcerers
  36 wolf spiders
  5 manticores
  An iron dragon skeleton (Depths:1)
  3 worldbinders
  5 elephants (Lair:6)
  4 oklob plants (Lair:5)
  4 centaur zombies
  An elephant (shapeshifter) (Vaults:2)
  3 moths of wrath
  A sphinx skeleton (Vaults:1)
  8 black mambas
  3 guardian serpents (Desolation)
  4 rust devils
  A molten gargoyle (Desolation)
  19 vault sentinels
  4 eyes of devastation
  A spiny frog (shapeshifter) (Vaults:3)
  2 naga magi
  3 ice statues (IceCv)
  3 centaur skeletons
  A titan simulacrum (Depths:1)
  8 smoke demons
  2 spriggan zombies
  5 gargoyles
  An emperor scorpion zombie (Abyss:2)
  3 hellions
  16 spiny frogs
  A torpor snail (Spider:2)
  A kobold demonologist (D:12)
  2 tormentors
  15 freezing wraiths
  17 demonic crawlers
  3 tengu conjurers
  A yaktaur (shapeshifter) (Vaults:1)
  26 yaktaurs
  2 efreet
  3 rime drakes
  2 ancient zymes
  8 komodo dragons
  A hellwing (Zig:8)
  2 jumping spiders (shapeshifter)
  A red devil (Zig:8)
  A polar bear (shapeshifter) (Vaults:2)
  27 jumping spiders
  A queen bee (shapeshifter) (D:11)
  4 polar bears
  6 trolls
  A hornet (shapeshifter) (Vaults:1)
  21 hornets
  A blink frog (shapeshifter) (Abyss:3)
  9 tyrant leeches
  5 raiju (Abyss:3)
  46 saltlings (Desolation)
  A snapping turtle (shapeshifter) (Vaults:4)
  140 slime creatures
  13 dream sheep
  5 hippogriffs
  15 blink frogs
  2 spectral swamp dragons (Swamp:4)
  11 bog bodies
  8 small abominations
  6 flying skulls (Abyss:3)
  22 tarantellas
  5 spriggans
  3 water elementals
  15 large abominations
  6 wraiths
  2 redbacks (shapeshifter) (Vaults:3)
  6 air elementals
  61 redbacks
  2 wyverns
  48 yaks
  2 shadows
  4 chaos spawn
  A human (shapeshifter) (Vaults:2)
  2 fire elementals (Elf:1)
  A hog (D:15)
  3 neqoxecs
  Grum (Lair:1)
  A basilisk (Lair:4)
  3 hungry ghosts
  An elf skeleton (Zig:13)
  10 swamp worms
  17 vampire mosquitoes
  A naga (Zig:10)
  19 insubstantial wisps
  2 spectral spiny frogs (Swamp:4)
  13 wargs
  A hydra simulacrum (Swamp:4)
  14 water moccasins
  3 hell hounds
  2 acid dragons
  15 swamp drakes
  7 porcupines
  2 sky beasts
  A floating eye (shapeshifter) (Vaults:5)
  A spectral blink frog (Swamp:4)
  A black bear (D:7)
  23 orc warriors
  12 ice beasts
  Purgy (D:3)
  7 eyes of draining
  An eye of draining (shapeshifter) (Vaults:5)
  An ogre (shapeshifter) (Zig:5)
  43 ogres
  A black bear (shapeshifter) (Elf:2)
  A phantom (D:8)
  21 boggarts
  3 necrophages
  11 centaurs
  10 wolves
  An alligator simulacrum (Swamp:4)
  13 starcursed masses
  A tyrant leech simulacrum (Swamp:4)
  6 crocodiles
  A spriggan simulacrum (Swamp:4)
  4 big kobolds (D:11)
  A big kobold (shapeshifter) (Elf:2)
  A wyvern zombie (D:6)
  15 bullfrogs
  3 earth elementals
  3 human zombies
  A gnoll sergeant (D:6)
  4 wyvern skeletons
  2 scorpions
  A swamp dragon simulacrum (Swamp:4)
  9 killer bees
  6 wights (D:7)
  8 electric eels
  6 howler monkeys
  8 crimson imps
  A yaktaur simulacrum (Vaults:1)
  A quasit (D:11)
  3 bullfrog skeletons
  2 bullfrog zombies
  3 jellies
  14 orc priests
  10 hounds
  41 orc wizards
  An iron imp (Zig:4)
  8 iguanas
  12 worker ants
  A polar bear simulacrum (D:10)
  4 wolf simulacra (D:10)
  A killer bee zombie (D:7)
  A hound zombie (D:6)
  2 hound skeletons (D:6)
  A worker ant zombie (D:5)
  17 gnolls
  14 adders
  2 shadow imps (D:14)
  13 white imps
  2 ufetubi (Abyss:3)
  An ooze (D:6)
  4 worms
  3 dart slugs
  12 leopard geckos
  100 orcs
  3 ball pythons
  12 bats
  16 giant cockroaches
  4 goblins
  10 hobgoblins
  11 jackals
  6 quokkas
  6 frilled lizards
  9 kobolds
  A quokka skeleton (D:10)
  16 rats
  6 river rat simulacra (D:10)
  2 butterflies (Lair:2)
  3 crawling corpses
  A fungus (Lair:6)
  A lurking horror (Abyss:3)
  A plant (Lair:6)
  A starspawn tentacle (Abyss:3)
2340 creatures vanquished.

Vanquished Creatures (collateral kills)
  the Royal Jelly (Slime:5)
  A wight (D:7)
2 creatures vanquished.

Vanquished Creatures (others)
  A tentacled starspawn (Abyss:3)
  A draconian monk (Zig:12)
  A fire giant (Vaults:3)
  A green death (Zig:7)
  A ragged hierophant (Desolation)
  A great orb of eyes (D:15)
  A deep elf high priest (Vaults:5)
  3 hydras
  A thrashing horror (Zig:13)
  2 hornets
  A slime creature (Slime:2)
  A tarantella (Spider:4)
  2 humans (D:15)
  A golden eye (Zig:13)
  An ice beast (D:15)
  An orc (Orc:2)
  A quokka (D:4)
  3 fungi
  5 plants
  5 starspawn tentacles
34 creatures vanquished.

Grand Total: 2376 creatures vanquished

Notes
Turn   | Place    | Note
-------+----------+-------------------------------------------
     0 | D:1      | Birdy the Halfling Monk began the quest for the Orb.
     0 | D:1      | Reached XP level 1. HP: 15/15 MP: 1/1
    90 | D:1      | Reached XP level 2. HP: 14/20 MP: 2/2
   211 | D:1      | Reached skill level 1 in Armour
   236 | D:1      | Reached XP level 3. HP: 23/25 MP: 3/3
  1013 | D:2      | Reached XP level 4. HP: 7/31 MP: 4/4
  1209 | D:2      | Gained mutation: Your spells are a little easier to cast,
                  | but a little less powerful. [potion of mutation]
  2075 | D:2      | Found a blossoming altar of Fedhas.
  2279 | D:3      | Reached skill level 4 in Dodging
  2279 | D:3      | Reached XP level 5. HP: 24/36 MP: 5/5
  2441 | D:3      | Noticed an ice beast
  2454 | D:3      | Killed an ice beast
  2454 | D:3      | Reached XP level 6. HP: 15/42 MP: 6/6
  2729 | D:3      | Noticed Purgy
  2740 | D:3      | Killed Purgy
  2934 | D:3      | Reached XP level 7. HP: 46/47 MP: 7/7
  3525 | D:4      | Reached skill level 5 in Dodging
  3757 | D:4      | Reached skill level 5 in Long Blades
  3759 | D:4      | Found a white marble altar of Elyvilon.
  4225 | D:5      | Entered Level 5 of the Dungeon
  4284 | D:5      | Found a glowing drain.
  4291 | Sewer    | Entered a sewer
  4563 | Sewer    | Reached XP level 8. HP: 48/54 MP: 8/8
  4683 | Sewer    | Reached skill level 6 in Dodging
  5609 | D:5      | Reached skill level 7 in Dodging
  5933 | D:4      | Found an iron altar of Okawaru.
  5933 | D:4      | Found a shimmering blue altar of Sif Muna.
  6375 | D:6      | Found a staircase to the Ecumenical Temple.
  6396 | Temple   | Entered the Ecumenical Temple
  6745 | Temple   | Became a worshipper of the Wu Jian Council
  6745 | Temple   | Reached * piety under Wu Jian
  6745 | Temple   | Reached ** piety under Wu Jian
  6800 | D:6      | Reached XP level 9. HP: 52/60 MP: 9/9
  7675 | D:6      | Reached skill level 5 in Fighting
  7877 | D:6      | Reached skill level 8 in Dodging
  8764 | D:7      | Found a burning altar of Makhleb.
  9268 | D:7      | Reached *** piety under Wu Jian
  9278 | D:7      | Reached skill level 9 in Dodging
  9478 | D:7      | Reached XP level 10. HP: 68/68 MP: 10/10
  9611 | D:7      | Found a basalt altar of Yredelemnul.
  9832 | D:8      | Found a glowing golden altar of the Shining One.
  9969 | D:8      | Found a bloodstained altar of Trog.
  9969 | D:8      | Found a shadowy altar of Dithmenos.
  9970 | D:8      | Found a glowing silver altar of Zin.
 10029 | D:8      | Reached skill level 10 in Dodging
 10585 | D:9      | Reached **** piety under Wu Jian
 10948 | D:9      | Found a staircase to the Lair.
 11055 | D:9      | Noticed a komodo dragon
 11107 | D:9      | Killed a komodo dragon
 11236 | D:10     | Entered Level 10 of the Dungeon
 11246 | D:10     | Reached skill level 10 in Long Blades
 11314 | D:10     | Found Xuomok's Magic Scroll Shoppe.
 11319 | D:10     | Reached skill level 1 in Slings
 11323 | D:10     | Paralysed by an orc for 7 turns
 11329 | D:10     | Noticed a gargoyle
 11347 | D:10     | Reached skill level 11 in Dodging
 11362 | D:10     | Killed a gargoyle
 11362 | D:10     | Reached XP level 11. HP: 22/72 MP: 11/11
 11937 | D:10     | Got a wizard robe
 11948 | D:10     | Identified the +1 robe of the Princeling {Int+4 Dex+3} (You
                  | found it on level 10 of the Dungeon)
 12073 | D:10     | Noticed a necromancer
 12083 | D:10     | Killed a necromancer
 12406 | D:10     | Noticed a two-headed ogre
 12421 | D:10     | Killed a two-headed ogre
 12684 | D:10     | Upgraded the game from 0.25-a0-317-g5f8687b to
                  | 0.25-a0-322-g3677130
 12722 | D:11     | Noticed a five-headed hydra
 12788 | Lair:1   | Entered Level 1 of the Lair of Beasts
 12826 | Lair:1   | Reached skill level 5 in Armour
 12831 | Lair:1   | Reached skill level 12 in Dodging
 12869 | Lair:1   | Reached skill level 5 in Slings
 12922 | Lair:1   | Noticed Sonja
 13014 | Lair:1   | Found a dark tunnel.
 13016 | Lair:1   | Killed Sonja
 13023 | Volcano  | Entered a volcano
 13043 | Volcano  | Noticed an ogre mage
 13043 | Volcano  | Noticed a two-headed ogre
 13046 | Volcano  | Noticed a two-headed ogre
 13057 | Volcano  | Killed a two-headed ogre
 13057 | Volcano  | Killed an ogre mage
 13057 | Volcano  | Reached XP level 12. HP: 36/79 MP: 12/12
 13058 | Volcano  | Killed a two-headed ogre
 13261 | Volcano  | Noticed a two-headed ogre
 13289 | Volcano  | Killed a two-headed ogre
 13347 | Volcano  | Noticed a hell knight
 13347 | Volcano  | Noticed a two-headed ogre
 13375 | Volcano  | Noticed a two-headed ogre
 13391 | Volcano  | HP: 2/79 [two-headed ogre/+1 great mace of flaming (14)]
 14058 | Lair:1   | Noticed Grum
 14070 | Lair:1   | Killed Grum
 14905 | Lair:2   | Reached skill level 13 in Dodging
 15016 | Lair:2   | Found a staircase to the Swamp.
 15252 | Lair:2   | Reached ***** piety under Wu Jian
 15793 | Lair:3   | Found a frozen archway.
 15862 | IceCv    | Entered an ice cave
 17264 | IceCv    | Found the +7 Spriggan's Knife {stab, EV+4 Stlth+}
 17295 | IceCv    | Got scorched ice dragon scales
 17306 | IceCv    | Identified the +8 ice dragon scales "Cidera" {rF- rC++
                  | Str+2} (You found it in an ice cave)
 17658 | Lair:3   | Reached XP level 13. HP: 77/86 MP: 13/13
 17667 | Lair:3   | Found a hole to the Spider Nest.
 18116 | Lair:4   | Reached skill level 14 in Dodging
 19159 | Lair:5   | Found a staircase to the Slime Pits.
 20057 | Lair:6   | Entered Level 6 of the Lair of Beasts
 20139 | Lair:6   | Noticed a four-headed hydra
 20148 | Lair:6   | Killed a four-headed hydra
 20169 | Lair:6   | Reached skill level 15 in Dodging
 20524 | Lair:6   | Reached XP level 14. HP: 94/94 MP: 14/14
 21197 | Lair:6   | Reached ****** piety under Wu Jian
 21232 | Lair:6   | Lost mutation: Your spells are a little easier to cast, but
                  | a little less powerful. [potion of mutation]
 22107 | D:11     | Noticed Snorg
 22124 | D:11     | Reached skill level 16 in Dodging
 22145 | D:11     | Killed Snorg
 22400 | D:11     | Found a transporter.
 22401 | D:11     | Noticed Recean's ghost (journeyman OgHu)
 22440 | D:11     | Found a transporter.
 22502 | D:11     | Killed Recean's ghost
 22502 | D:11     | Reached skill level 15 in Long Blades
 22907 | D:12     | Found Usaed's General Store.
 22929 | D:12     | Learned a level 1 spell: Summon Butterflies
 23049 | D:12     | Noticed Nergalle
 23053 | D:12     | Reached XP level 15. HP: 76/102 MP: 15/15
 23065 | D:12     | Killed Nergalle
 23297 | D:12     | Noticed Jorgrun
 23310 | D:12     | Killed Jorgrun
 23418 | D:12     | Found a staircase to the Orcish Mines.
 23605 | Orc:1    | Entered Level 1 of the Orcish Mines
 23876 | Orc:1    | Found a runed translucent gate.
 23877 | Orc:1    | Found a runed translucent gate.
 23893 | Orc:1    | Found a runed translucent gate.
 23897 | Orc:1    | Noticed Nutuagag's ghost (journeyman NaTm)
 23919 | Orc:1    | Killed Nutuagag's ghost
 24168 | Orc:2    | Entered Level 2 of the Orcish Mines
 24182 | Orc:2    | Found Gareun's General Store.
 24224 | Orc:2    | Found a transporter.
 24226 | Orc:2    | Noticed Magugala's ghost (journeyman MiFi)
 24249 | Orc:2    | Found a gate leading to a gauntlet.
 24260 | Gauntlet | Entered a Gauntlet
 24260 | Gauntlet | Found a transporter.
 24263 | Gauntlet | Found a transporter.
 24264 | Gauntlet | Found a transporter.
 24268 | Gauntlet | Found a transporter.
 24272 | Gauntlet | Found a transporter.
 24272 | Gauntlet | Found a transporter.
 24289 | Gauntlet | Found a transporter.
 24289 | Gauntlet | Found a transporter.
 24357 | Gauntlet | Found a transporter.
 24370 | Gauntlet | Found a transporter.
 24374 | Gauntlet | Found a transporter.
 24388 | Gauntlet | Found a transporter.
 24587 | Gauntlet | Got a twitching jade ring
 24592 | Gauntlet | Identified the ring "Leeruusi" {AC+5 Str+3} (You found it
                  | in a Gauntlet)
 24632 | Gauntlet | Got a bloodstained cloak
 24649 | Gauntlet | Reached skill level 17 in Dodging
 24669 | Gauntlet | Identified the cursed -2 cloak "Rocke" {+Fly rPois Str+2
                  | Dex-4} (You found it in a Gauntlet)
 24922 | Orc:2    | Found a transporter.
 24956 | Orc:2    | Killed Magugala's ghost
 25248 | Orc:2    | Reached skill level 10 in Fighting
 25284 | Orc:2    | Found Ceased's Armour Shop.
 25294 | Orc:2    | Found a staircase to the Elven Halls.
 25295 | Orc:2    | Found Sihe's Gadget Emporium.
 25375 | Orc:2    | Found Dygeod's Magic Scroll Emporium.
 25403 | Orc:2    | Found Cuzxar's Antique Weapon Shoppe.
 25431 | Orc:2    | Found an ancient bone altar of Kikubaaqudgha.
 25442 | Orc:2    | Paralysed by an orc sorcerer for 4 turns
 25465 | Orc:2    | Found Urih Uwynui's Magic Scroll Shoppe.
 25478 | Orc:2    | Found a radiant altar of Vehumet.
 25541 | Orc:2    | Found a roughly hewn altar of Beogh.
 25557 | Orc:2    | Found Xaom's Gadget Emporium.
 25713 | Orc:2    | Found Itteoleff's Antique Armour Emporium.
 25727 | Orc:2    | Bought a shiny helmet for 195 gold pieces
 25840 | Orc:2    | Bought a scroll of acquirement for 728 gold pieces
 25841 | Orc:2    | Got a pitted hunting sling
 25842 | Orc:2    | Identified the +1 hunting sling of the Inquisitive Yaks
                  | {freeze, *Contam *Drain rElec Str+8} (You acquired it on
                  | level 2 of the Orcish Mines)
 25843 | Orc:2    | Bought a scroll of enchant weapon for 105 gold pieces
 26049 | Orc:2    | Bought a scroll of enchant armour for 120 gold pieces
 26049 | Orc:2    | Bought 2 scrolls of enchant weapon for 240 gold pieces
 26842 | D:13     | Found a gate to the Vaults.
 26846 | D:13     | Reached XP level 16. HP: 109/110 MP: 13/16
 27041 | D:13     | Found a shattered altar of Ashenzari.
 27183 | D:14     | Noticed Rupert
 27206 | D:14     | Killed Rupert
 27381 | D:14     | Reached skill level 18 in Dodging
 28219 | D:15     | Entered Level 15 of the Dungeon
 28353 | D:15     | Paralysed by a great orb of eyes for 7 turns
 28668 | D:15     | Noticed Kirke
 28763 | D:15     | Killed Kirke
 29055 | D:15     | Found a staircase to the Depths.
 29469 | Spider:1 | Entered Level 1 of the Spider Nest
 29599 | Spider:1 | Reached XP level 17. HP: 117/117 MP: 17/17
 29976 | Spider:2 | Reached skill level 19 in Dodging
 31575 | Spider:3 | Got a crude broad axe
 31576 | Spider:3 | Identified the +3 broad axe of Fesusin {flame, +Fly rPois}
                  | (You found it on level 3 of the Spider Nest)
 31854 | Spider:4 | Entered Level 4 of the Spider Nest
 32460 | Spider:4 | Reached XP level 18. HP: 105/126 MP: 18/18
 32734 | Spider:4 | Reached skill level 20 in Dodging
 32786 | Spider:4 | Got a gossamer rune of Zot
 33580 | Elf:1    | Entered Level 1 of the Elven Halls
 33914 | Elf:1    | Reached skill level 1 in Summonings
 34033 | Elf:1    | Gained mutation: You are agile. (Dex +2) [potion of
                  | mutation]
 34140 | Elf:1    | Found Dabboin's Armour Shop.
 35455 | Elf:1    | Identified the Disquisition on Evil Rituals
 35990 | Elf:2    | Found Geaxoguh's Armour Shoppe.
 36021 | Elf:2    | Found a ruined gateway.
 36079 | Elf:2    | Reached XP level 19. HP: 35/133 MP: 19/19
 36091 | Desolati | Entered the Desolation of Salt
 36684 | Desolati | Identified the Collected Works on Mutagenic Venom
 36696 | Desolati | Got a wavering ivory ring
 36698 | Desolati | Got a bound copper amulet
 36699 | Desolati | Identified the amulet "Kaddath" {Gourm +Inv rF- Int+3
                  | Slay+2} (You found it in the Desolation of Salt)
 36701 | Desolati | Identified the ring "Ulediuw" {+Inv rElec MR- Str+3 Stlth+}
                  | (You found it in the Desolation of Salt)
 36722 | Desolati | Identified the ring of the Manifold Wishes {+Fly Slay+4}
 36730 | Desolati | Reached skill level 1 in Evocations
 36918 | Desolati | Identified the +3 arbalest "Ebumo" {penet, rC+}
 37984 | Desolati | Got a flickering granite ring
 37986 | Desolati | Identified the ring "Caimogyum" {*Drain rPois rF+++ rC+
                  | Dex+4} (You found it in the Desolation of Salt)
 38001 | Desolati | Got an ancient falchion
 38002 | Desolati | Identified the +2 falchion "Isecibon" {venom, rElec rF+ rC+
                  | Str+2} (You found it in the Desolation of Salt)
 38113 | Desolati | Got a flickering ruby amulet
 38115 | Desolati | Identified the amulet of the Postmodern Lies {Fragile rC++
                  | Regen+ Dex+6} (You found it in the Desolation of Salt)
 38465 | Elf:2    | Found Zukkic's Antique Armour Shoppe.
 38473 | Elf:2    | Bought a pair of polished gloves for 389 gold pieces
 38483 | Elf:2    | Identified the -4 pair of gloves of the Dice {Str+4 Int+4}
                  | (You bought it in a shop on level 2 of the Elven Halls)
 38514 | Elf:2    | Bought a pair of runed boots for 307 gold pieces
 38700 | Elf:2    | Found a huge runed translucent gate.
 38700 | Elf:2    | Found a huge runed translucent gate.
 38700 | Elf:2    | Found a huge runed translucent gate.
 38700 | Elf:2    | Found a huge runed translucent gate.
 38700 | Elf:2    | Found a huge runed translucent gate.
 38997 | Elf:2    | Reached skill level 21 in Dodging
 39112 | Elf:2    | Reached skill level 5 in Evocations
 39152 | Elf:2    | Reached XP level 20. HP: 35/141 MP: 24/24
 39515 | Orc:2    | Bought a scroll of brand weapon for 320 gold pieces
 39729 | Swamp:1  | Entered Level 1 of the Swamp
 39772 | Swamp:1  | Noticed Aizul
 39793 | Swamp:1  | Killed Aizul
 41631 | Swamp:4  | Entered Level 4 of the Swamp
 42081 | Swamp:4  | Reached XP level 21. HP: 119/148 MP: 27/27
 42282 | Swamp:4  | Found a runed translucent gate.
 42282 | Swamp:4  | Found a runed translucent gate.
 42283 | Swamp:4  | Found a runed translucent gate.
 42285 | Swamp:4  | Noticed Caeligo's ghost (adept GnWz)
 42301 | Swamp:4  | Killed Caeligo's ghost
 42430 | Swamp:4  | Got a decaying rune of Zot
 43015 | Elf:3    | Entered Level 3 of the Elven Halls
 43047 | Elf:3    | Found Belotu's Jewellery Shoppe.
 43159 | Elf:3    | Found a magical portal.
 43380 | WizLab   | Found the +9 staff of Wucad Mu {channel}
 43496 | WizLab   | Reached XP level 22. HP: 154/154 MP: 29/29
 43673 | Elf:3    | Reached skill level 10 in Armour
 44221 | Elf:3    | Reached skill level 10 in Evocations
 44230 | Elf:3    | Cast into level 2 of the Abyss (a deep elf sorcerer)
 44468 | Abyss:2  | Noticed a bone dragon
 44479 | Abyss:2  | Killed a bone dragon
 44610 | Elf:3    | Escaped the Abyss
 44748 | Elf:3    | Cast into level 3 of the Abyss (a deep elf sorcerer)
 44874 | Abyss:3  | Found a corrupted altar of Lugonu.
 44900 | Elf:3    | Escaped the Abyss
 44924 | Elf:3    | Cast into level 3 of the Abyss (a deep elf sorcerer)
 45028 | Abyss:3  | Paralysed by accursed screaming for 1 turns
 45038 | Abyss:3  | Paralysed by accursed screaming for 1 turns
 45285 | Abyss:3  | Got a transparent war axe
 45296 | Abyss:3  | Identified the +2 war axe "Ycseps" {chop, *Contam rN++
                  | Dex+4} (You found it on level 3 of the Abyss)
 45311 | Elf:3    | Escaped the Abyss
 45315 | Elf:3    | Reached XP level 23. HP: 121/161 MP: 31/31
 45325 | Elf:3    | Reached skill level 22 in Dodging
 45834 | Elf:3    | Got an encrusted rapier
 45835 | Elf:3    | Identified the cursed +1 rapier "Misad" {flame, rF+ MR-
                  | Str+5} (You found it on level 3 of the Elven Halls)
 46305 | Slime:1  | Entered Level 1 of the Pits of Slime
 46792 | Vaults:1 | Entered Level 1 of the Vaults
 46900 | Vaults:1 | Reached skill level 15 in Fighting
 47279 | Vaults:1 | You are sucked into a shaft and drop 1 floor!
 47572 | Vaults:1 | Paralysed by a great orb of eyes for 6 turns
 47725 | Vaults:1 | Found Vasof's General Store.
 47983 | Vaults:1 | You are sucked into a shaft and drop 1 floor!
 48055 | Vaults:1 | You are sucked into a shaft and drop 1 floor!
 48065 | Vaults:2 | Reached XP level 24. HP: 170/170 MP: 33/33
 48089 | Vaults:2 | Found a staircase to the Crypt.
 48095 | Vaults:2 | Noticed Xtahua
 48119 | Vaults:2 | Killed Xtahua
 48812 | Vaults:2 | Found Duseceosm's Armour Shoppe.
 49734 | Vaults:3 | Noticed Bai Suzhen
 49756 | Vaults:3 | Killed Bai Suzhen
 49930 | Vaults:3 | Identified the Compendium of Summoning
 49974 | Vaults:3 | Noticed Faosm's ghost (veteran HOFi)
 49976 | Vaults:3 | Found the +6 arbalest "Damnation" {damnation}
 50098 | Vaults:3 | Found a runed translucent gate.
 50098 | Vaults:3 | Found a runed translucent gate.
 50100 | Vaults:3 | Found a runed translucent gate.
 50136 | Vaults:3 | Killed Faosm's ghost
 50218 | Vaults:3 | You are sucked into a shaft and drop 1 floor!
 50274 | Vaults:3 | Found a hazy altar of Hepliaklqana.
 50355 | Vaults:3 | Reached skill level 5 in Stealth
 50451 | Vaults:3 | Found Bifojot's General Store.
 51124 | Vaults:3 | Reached XP level 25. HP: 175/177 MP: 34/34
 51521 | Vaults:4 | Got an ebony dagger
 51810 | Vaults:4 | Reached skill level 23 in Dodging
 52139 | Vaults:4 | Got a steaming ring mail
 52140 | Vaults:4 | Identified the cursed +0 ring mail of Fun {Regen+ Str+4}
                  | (You found it on level 4 of the Vaults)
 52143 | Vaults:4 | Identified the cursed +1 dagger "Orb Guardian's Curse"
                  | {pierce, *Noise rF+ Dex+2} (You found it on level 4 of the
                  | Vaults)
 52443 | Vaults:4 | Found Lelyac's Gadget Emporium.
 52922 | Vaults:1 | Bought a scroll of acquirement for 884 gold pieces
 53261 | Slime:1  | Reached skill level 15 in Evocations
 54416 | Slime:2  | You are sucked into a shaft and drop 2 floors!
 54724 | Slime:3  | Gained mutation: You occasionally shout uncontrollably at
                  | your foes. [a shining eye]
 54728 | Slime:3  | Gained mutation: Your magical capacity is low. (-10% MP) [a
                  | shining eye]
 54746 | Slime:3  | Lost mutation: You occasionally shout uncontrollably at
                  | your foes. [potion of mutation]
 54746 | Slime:3  | Lost mutation: You are agile. (Dex +2) [potion of mutation]
 54746 | Slime:3  | Gained mutation: You have a somewhat thin skeletal
                  | structure. (Dex +2, Stealth) [potion of mutation]
 54906 | Slime:3  | Paralysed by a great orb of eyes for 3 turns
 56219 | Slime:5  | Entered Level 5 of the Pits of Slime
 56437 | Slime:5  | Reached XP level 26. HP: 182/185 MP: 20/30
 56444 | Slime:5  | Noticed the Royal Jelly
 56454 | Slime:5  | Killed the Royal Jelly
 56478 | Slime:5  | Reached skill level 15 in Armour
 56730 | Slime:5  | Got a slimy rune of Zot
 56755 | Slime:5  | Identified the Almanac of Cloudy Moulding
 56759 | Slime:5  | Identified Lygrao's Catalogue of Sulphur
 56841 | Slime:5  | Got a brightly glowing plate armour
 56845 | Slime:5  | Identified the cursed +0 plate armour of Iqadacy {*Contam
                  | Slay+5} (You found it on level 5 of the Pits of Slime)
 57608 | Vaults:5 | Entered Level 5 of the Vaults
 57633 | Vaults:5 | Reached skill level 10 in Stealth
 57835 | Vaults:5 | Identified the ring "Wuskouh" {rN+ Str+3 Stlth+}
 58152 | Vaults:5 | Identified the amulet of Voimasae {RegenMP Dex+7 Slay+3}
 58187 | Vaults:5 | Reached XP level 27. HP: 133/192 MP: 30/30
 58231 | Vaults:5 | Reached skill level 24 in Dodging
 58493 | Vaults:5 | Got a scorched dagger
 58494 | Vaults:5 | Identified the +6 dagger of Hikhlol {venom, MR+ Str+9} (You
                  | found it on level 5 of the Vaults)
 58677 | Vaults:5 | Identified the Incunabulum of the Vitriolic Compass
 58790 | Vaults:5 | Got a shimmering leather armour
 58800 | Vaults:5 | Identified the cursed +1 leather armour of Free Will
                  | {*Drain Regen+ Str+7 SInv} (You found it on level 5 of the
                  | Vaults)
 59001 | Vaults:5 | Identified the Collected Works on Darkness and the Arsonist
 59007 | Vaults:5 | Got a silver rune of Zot
 59061 | Vaults:5 | Found Forij's Assorted Antiques.
 60144 | Depths:1 | Entered Level 1 of the Depths
 60159 | Depths:1 | Reached skill level 1 in Shields
 60510 | Depths:1 | Found a gateway to Hell.
 60717 | Depths:1 | Found Tecux's Gadget Emporium.
 60717 | Depths:1 | Found Jozug's Jewellery Boutique.
 60718 | Depths:1 | Found Wothradgha's Gadget Emporium.
 61349 | Depths:2 | Found a gateway to a ziggurat.
 61376 | Zig:1    | Entered Level 1 of a ziggurat
 61399 | Zig:2    | Entered Level 2 of a ziggurat
 61448 | Zig:3    | Entered Level 3 of a ziggurat
 61452 | Zig:3    | Found the +7 lajatang of Order {silver, rMut}
 61483 | Zig:4    | Entered Level 4 of a ziggurat
 61669 | Zig:5    | Entered Level 5 of a ziggurat
 61789 | Zig:5    | Identified the Grimoire of Shape Shifting and Contamination
 61795 | Zig:5    | Reached skill level 5 in Shields
 61798 | Zig:6    | Entered Level 6 of a ziggurat
 61966 | Zig:7    | Entered Level 7 of a ziggurat
 62022 | Zig:7    | Got a smoking leather armour
 62027 | Zig:7    | Identified the +2 leather armour of the Sea {Str+2} (You
                  | found it on level 7 of a ziggurat)
 62136 | Zig:8    | Entered Level 8 of a ziggurat
 62151 | Zig:8    | Noticed Xajo the pandemonium lord
 62152 | Zig:8    | Found the +5 scythe "Finisher" {speed, eviscerate}
 62167 | Zig:8    | Killed Xajo the pandemonium lord
 62176 | Zig:8    | Got a sparkling turquoise ring
 62196 | Zig:8    | Identified Ceho's Papyrus of Stones and Shape Shifting
 62199 | Zig:8    | Got a pair of faintly humming gloves
 62200 | Zig:8    | Identified the ring "Oxij" {rCorr Int+8} (You found it on
                  | level 8 of a ziggurat)
 62204 | Zig:8    | Got a scorched shortbow
 62298 | Zig:8    | Got a smoking plate armour
 62299 | Zig:8    | Identified the +1 plate armour of Inevitability {*Slow
                  | rCorr Dex+9} (You found it on level 8 of a ziggurat)
 62311 | Zig:8    | Identified the cursed +0 pair of gloves of Summertime
                  | {rElec} (You found it on level 8 of a ziggurat)
 62329 | Zig:9    | Entered Level 9 of a ziggurat
 62361 | Zig:9    | Identified Sif Muna's Collected Works on the Escort and
                  | Boosts
 62418 | Zig:9    | Identified the +4 shortbow "Gecumeh" {flame, rPois rF+ rC-
                  | Dex+2} (You found it on level 8 of a ziggurat)
 62424 | Zig:10   | Entered Level 10 of a ziggurat
 62520 | Zig:10   | Got a faintly glowing long sword
 62534 | Zig:11   | Entered Level 11 of a ziggurat
 62631 | Zig:11   | Identified the Incunabulum of Poisonous Talismans
 62634 | Zig:11   | Got a crude platinum amulet
 62715 | Zig:11   | Got a scorched golden ring
 62731 | Zig:12   | Entered Level 12 of a ziggurat
 62746 | Zig:12   | Found the amulet of Vitality {Regen+ HP+15}
 62936 | Zig:12   | Got a crystal demon whip
 62942 | Zig:12   | Identified the +5 demon whip of Osa Wuth {elec, +Inv rPois
                  | Str+6 Int-2} (You found it on level 12 of a ziggurat)
 62945 | Zig:12   | Identified the +12 long sword "Beastbane" {slice, rC+++ MR-
                  | Dex-2} (You found it on level 10 of a ziggurat)
 62948 | Zig:12   | Identified the ring "Ewia" {Wiz rN+ Dex+3} (You found it on
                  | level 11 of a ziggurat)
 62985 | Zig:12   | Got a bloodstained double sword
 62991 | Zig:12   | Identified the +2 double sword "Beozxim" {vamp, Str+3} (You
                  | found it on level 12 of a ziggurat)
 63006 | Zig:12   | Got a crude steel ring
 63009 | Zig:12   | Identified the ring of the Castellan {*Drain +Blink +Inv
                  | MP+9} (You found it on level 12 of a ziggurat)
 63018 | Zig:12   | Got a twisted leather armour
 63029 | Zig:12   | Identified the +1 leather armour of Dewkuivi {rC+} (You
                  | found it on level 12 of a ziggurat)
 63261 | Zig:13   | Entered Level 13 of a ziggurat
 63295 | Zig:13   | Paralysed by accursed screaming for 2 turns
 63302 | Zig:13   | Paralysed by accursed screaming for 2 turns
 63305 | Zig:13   | Paralysed by accursed screaming for 2 turns
 63306 | Zig:13   | HP: 2/197 [raiju (8)]
 63310 | Zig:13   | Killed from afar by a starcursed mass

Levels and vault maps discovered:
D:1:      dpeg_arrival_prison, layout_basic
D:2:      layout_rooms, fedhas_altar_fruit_tree, minmay_ruptured
D:3:      layout_basic, uniq_purgy
D:4:      layout_rooms, nicolae_overflow_hidden_temple, first_ration,
          elyvilon_altar_4
D:5:      layout_cave_pods, gup_sewer_entry_pipe
D:6:      minmay_thinvault, layout_loops_ring, minmay_temple_entry_stoned_glass,
          kennysheep_generic_room_11
D:7:      layout_loops_cross, overflow_temple_1_default,
          nicolae_overflow_crystal_walls
D:8:      layout_basic, old_standard_altar, gammafunk_temple_overflow_forgotten
D:9:      layout_roguey, lair_entry_dummy, serial_glass, glass_columns_b,
          glass_columns_a
D:10:     layout_rooms, serial_shops, kennysheep_mini_moat,
          eino_house_with_fridge
D:11:     layout_basic, gammafunk_ghost_mausoleum, hangedman_ranch
          [blue_anna_fruit_fields], uniq_snorg
D:12:     layout_cave_pools, orc_0_dummy, serial_shops, shop, uniq_nergalle,
          uniq_jorgrun
D:13:     layout_roguey, david_vaults_2, serial_curves, eino_curves_02,
          eino_curves_03, ashenzari_altar_1
D:14:     layout_roguey, nicolae_twisting_strands, uniq_rupert
D:15:     grunt_enter_depths_magical_seal, layout_loops_ring, serial_park_paths
          [serial_park_minivault_5x5_8], minmay_checkerbox, uniq_kirke
Temple:   dshaligram_water_room_temple
Lair:1:   layout_layer_cave, enter_volcano_4, uniq_grum, uniq_sonja
Lair:2:   layout_regular_city, minmay_swamp_entry_reptiles,
          serial_bayou_shore_b, lemuel_fruit_fields, grunt_megastairs_4
Lair:3:   layout_chaotic_city, spider_nest_entry_a, portal_ice_cave_entry_imps,
          lemuel_fruit_fields, serial_bayou_shore_a, serial_bayou_shore_b
Lair:4:   layout_roguey
Lair:5:   layout_cave_pods, minmay_slime_entry_oklob_open,
          infiniplex_staircase_pool
Lair:6:   gammafunk_lair_ancient_temple, layout_cave_pods,
          serial_bayou_lagoon_a, small_statue_intersection
Swamp:1:  layout_basic_swamp, evilmike_swamp_ruin_wall, uniq_aizul
Swamp:2:  layout_falls_marsh, evilmike_swamp_ruin_house_6
Swamp:3:  layout_basic_swamp, evilmike_swamp_ruin_rubble_1
Swamp:4:  swamp, layout_basic_swamp, gammafunk_ghost_necromancy, swamp_pool2,
          grunt_witch_cave
Spider:1: layout_spider_delve
Spider:2: layout_spider_delve, hive_lemuel
Spider:3: layout_spider_delve, nicolae_spider_shape
Spider:4: guppyfry_spider_rune, nicolae_spider_cling_ruins
Slime:1:  layout_caves, cheibrodos_slime_lost_civilization_6
Slime:2:  layout_caves
Slime:3:  layout_caves
Slime:4:  layout_caves
Slime:5
Orc:1:    nicolae_orc_accident_1, layout_diamond_mine, ebering_ghost_rock_garden
Orc:2:    kennysheep_orc_mage_school, layout_caves,
          gammafunk_ghost_berserking_beasts, gauntlet_entry_generic,
          serial_shops, nicolae_shop_behind_doors, shop, nicolae_shop_trees,
          nicolae_shop_waterfront
Elf:1:    layout_loops_ring, serial_shops, shop, minmay_elf_necromancy,
          roderic_lattice_octagonal_star
Elf:2:    layout_gridlike, portal_desolation_entry_ruin, serial_shops,
          shop_coins, nicolae_shop_stone
Elf:3:    minmay_elf_hall_curves, layout_geoelf_castle, serial_shops,
          nicolae_shop_behind_doors, infiniplex_enter_wizlab_spiral
Vaults:1: dpeg_vaults_monster_row, nicolae_vaults_network_star,
          vaults_room_door_ring, vaults_mumra_hex, v_misc_1, vaults_room_pools,
          vaults_room_door_ring, ontoclasm_vaults_gateway, v_misc_12,
          vaults_room_fours, vaults_room_hallway, v_misc_25,
          layout_vaults_maze_bifur, serial_shops, shop
Vaults:2: nicolae_vaults_asterisk, v_misc_25,
          vaults_standard_mumra_enter_the_diamond,
          nicolae_vaults_fighting_squares, minmay_crypt_entry_simple_corners,
          nicolae_vaults_alarming, serial_ice_h, vaults_standard_mumra_x,
          v_misc_9, vaults_room_corners, v_alt_pattern_2,
          nicolae_vaults_little_squares_5, layout_vaults_ring, serial_shops,
          nicolae_shop_competitors_out_of_business, uniq_xtahua
Vaults:3: gammafunk_vaults_ghost_split, hangedman_vaults_nails,
          vaults_room_octagon, ontoclasm_vaults_spin, vaults_dpeg_doors,
          nicolae_vaults_specimen_jars, grunt_vaults_funnel,
          nicolae_vaults_little_squares_5, hangedman_vaults_corner_blocks,
          vaults_room_door_ring, nicolae_vaults_border_crossing,
          v_alt_pattern_4, nicolae_vaults_diagonal_hallway_6,
          ontoclasm_vaults_decontamination, v_misc_10, layout_vaults_big_room,
          serial_shops, nicolae_shop_behind_doors, basic_altar, uniq_bai_suzhen
Vaults:4: v_misc_19, v_misc_17, nicolae_vaults_network_periphery, v_misc_25,
          serial_ice_m, nicolae_vaults_ring_of_whatevers,
          nicolae_vaults_sealed_display, vaults_room_boxed, v_misc_30, v_misc_8,
          nicolae_vaults_angled_halls, grunt_vaults_diagonal,
          nicolae_vaults_little_squares_2, layout_vaults_omnibox, serial_shops,
          nicolae_shop_window_shopping
Vaults:5
Depths:1: layout_cave_shapes, grunt_hell_entry_dis_grunt, bh_walls_and_bars,
          columned_hall_lemuel, grunt_ministairs_1, minivault_16,
          abandoned_shop, kennysheep_decorative_pillar, drop_trap, minivault_1,
          kennysheep_generic_room_14, minmay_shop_grove
Depths:2: cheibrodos_witchhunters_guild, layout_basic, enter_ziggurat_b,
          grunt_hell_horde, minmay_misc_feat_diagonals, nrook_mini_vaults
Zig:13

Skill      XL: |  1  2  3  4  5  6  7  8  9 10 11 12 13 14 15 16 17 18 19 20 21 22 23 24 25 26 27 |
---------------+----------------------------------------------------------------------------------+-----
Armour         | 1 2 3 4 5 6 9 11 12 14 16 19 | 19.7
Fighting       | 3 4 5 6 7 8 9 10 11 12 13 14 15 16 17 18 | 18.4
Dodging        | 4 5 7 9 11 12 13 15 16 17 18 19 20 21 22 23 24 | 24.8
Long Blades    | 4 5 6 8 10 11 12 14 15 16 17 18 19 20 21 22 23 | 23.6
Slings         | 2 5 6 |  6.4
Summonings     | 2 3 |  3.2
Evocations     | 5 9 11 13 14 15 | 15.0
Stealth        | 5 8 11 14 | 14.3
Shields        | 5 |  5.6

Action                   |  1- 3 |  4- 6 |  7- 9 | 10-12 | 13-15 | 16-18 | 19-21 | 22-24 | 25-27 || total
-------------------------+-------+-------+-------+-------+-------+-------+-------+-------+-------++-------
Melee: Falchion          |    86 |   146 |   874 |       |       |       |       |       |       ||  1106
       Scimitar          |       |       |     6 |   753 |  1178 |  1569 |   540 |       |    29 ||  4075
       Knife             |       |       |       |       |   100 |    17 |       |    18 |       ||   135
       Unarmed           |       |       |       |       |       |    11 |       |       |       ||    11
       Demon blade       |       |       |       |       |       |       |   905 |  1982 |  2543 ||  5430
       Eudemon blade     |       |       |       |       |       |       |    51 |    71 |   237 ||   359
       Double sword      |       |       |       |       |       |       |       |       |    98 ||    98
 Fire: Hunting sling     |       |       |       |       |     6 |     4 |       |       |       ||    10
 Cast: Summon Butterflie |       |       |       |       |       |    18 |     3 |       |     1 ||    22
Invok: Lunge             |       |       |    57 |   139 |   154 |   211 |   149 |   223 |   338 ||  1271
       Whirlwind         |       |       |   100 |   257 |   377 |   538 |   395 |   646 |  1207 ||  3520
       Serpent's Lash    |       |       |       |     2 |       |       |     4 |     5 |    11 ||    22
       Heavenly Storm    |       |       |       |       |     1 |     1 |     3 |     4 |     7 ||    16
 Abil: Wall Jump         |       |       |    14 |    10 |    12 |    13 |    15 |    14 |    17 ||    95
       Evoke Invisibilit |       |       |       |       |       |       |       |     5 |    11 ||    16
Evoke: Wand              |       |       |       |    12 |    18 |     5 |       |     1 |     5 ||    41
  Use: Potion            |     1 |     8 |     9 |     8 |     5 |    11 |    16 |    16 |    13 ||    87
       Scroll            |       |     6 |    11 |    10 |    10 |     5 |    24 |     6 |    51 ||   123
 Stab: Sleeping          |     6 |     7 |     8 |    16 |     9 |     6 |    12 |    30 |    28 ||   122
       Distracted        |       |       |     2 |     1 |       |     1 |     5 |     9 |    12 ||    30
       Invisible         |       |       |       |     5 |     2 |       |       |    22 |   154 ||   183
       Paralysed         |       |       |       |     5 |       |       |       |       |     2 ||     7
       Petrified         |       |       |       |       |       |     3 |       |       |       ||     3
       Petrifying        |       |       |       |       |       |     1 |       |       |       ||     1
       Fleeing           |       |       |       |       |       |       |     1 |       |     3 ||     4
       Confused          |       |       |       |       |       |       |       |     2 |     7 ||     9
  Eat: Chunk             |       |     7 |    14 |    17 |    21 |    23 |    13 |    19 |    15 ||   129
       Ration            |       |       |     3 |     3 |     4 |     3 |     5 |     3 |    11 ||    32
Armor: Robe              |    18 |    33 |       |    35 |       |    30 |    15 |       |       ||   131
       Leather armour    |       |       |   153 |    48 |       |       |       |    64 |       ||   265
       Skin              |       |       |    68 |       |       |       |       |       |       ||    68
       Ice dragon scales |       |       |       |       |   255 |   379 |   284 |   138 |    24 ||  1080
       Acid dragon scale |       |       |       |       |       |       |       |       |    87 ||    87
       Quicksilver drago |       |       |       |       |       |       |       |       |   153 ||   153
Dodge: Dodged            |    70 |   126 |   814 |   582 |   932 |  1792 |  1531 |  1379 |  2089 ||  9315
       Deflected         |       |       |       |       |       |       |       |    26 |    43 ||    69
Block: Buckler           |       |       |       |       |       |       |       |       |   208 ||   208
       Reflection        |       |       |       |       |       |       |       |       |    11 ||    11
       Rpst.: Falchion   |    26 |    37 |   230 |       |       |       |       |       |       ||   293
       Scimitar          |       |       |     3 |   151 |   209 |   335 |   118 |       |     1 ||   817
       Demon blade       |       |       |       |       |       |       |   147 |   286 |   299 ||   732
       Eudemon blade     |       |       |       |       |       |       |     7 |    15 |    28 ||    50
       Double sword      |       |       |       |       |       |       |       |       |    13 ||    13

Table legend:
 A = Non-vault XP
 B = Vault XP
 C = Vault XP percentage of total XP
 D = Non-vault monster count
 E = Vault monster count
 F = Vault count percentage of total count
                 A         B        C        D         E       F
            +---------+---------+-------+---------+---------+-------
      Total |  737996 |  496219 |  40.2 |    1633 |     697 |  29.9
            +---------+---------+-------+---------+---------+-------
        D:1 |      43 |       7 |  14.0 |      20 |       4 |  16.7
        D:2 |      62 |       7 |  10.1 |      19 |       3 |  13.6
        D:3 |     279 |     128 |  31.4 |      35 |       1 |   2.8
        D:4 |     408 |       0 |   0.0 |      34 |       0 |   0.0
        D:5 |     443 |      19 |   4.1 |       9 |       7 |  43.8
        D:6 |     532 |     404 |  43.2 |      18 |      11 |  37.9
        D:7 |    1774 |       0 |   0.0 |      47 |       0 |   0.0
        D:8 |    1144 |       0 |   0.0 |      30 |       0 |   0.0
        D:9 |    1431 |       0 |   0.0 |      19 |       0 |   0.0
       D:10 |    3321 |     802 |  19.5 |      38 |      12 |  24.0
       D:11 |    6084 |    5916 |  49.3 |      45 |      14 |  23.7
       D:12 |    6558 |    3808 |  36.7 |      25 |       2 |   7.4
       D:13 |   12511 |    2834 |  18.5 |      37 |       3 |   7.5
       D:14 |   11417 |    2740 |  19.4 |      22 |       1 |   4.3
       D:15 |    5857 |   12142 |  67.5 |      12 |      18 |  60.0
     Lair:1 |    2020 |    1473 |  42.2 |      12 |       6 |  33.3
     Lair:2 |    3077 |    1685 |  35.4 |      15 |      10 |  40.0
     Lair:3 |     681 |     423 |  38.3 |       4 |      13 |  76.5
     Lair:4 |    3204 |       0 |   0.0 |      12 |       0 |   0.0
     Lair:5 |    4154 |    2206 |  34.7 |      18 |       4 |  18.2
     Lair:6 |   11583 |    8454 |  42.2 |      47 |      23 |  32.9
    Swamp:1 |    6367 |    1544 |  19.5 |      15 |       1 |   6.2
    Swamp:2 |   22904 |       0 |   0.0 |      51 |       0 |   0.0
    Swamp:3 |    8983 |       0 |   0.0 |      23 |       0 |   0.0
    Swamp:4 |   25854 |   24530 |  48.7 |      44 |      42 |  48.8
   Spider:1 |   10792 |       0 |   0.0 |      27 |       0 |   0.0
   Spider:2 |   13822 |       0 |   0.0 |      34 |       0 |   0.0
   Spider:3 |   22173 |    4320 |  16.3 |      61 |       8 |  11.6
   Spider:4 |    9249 |   26945 |  74.4 |      24 |      39 |  61.9
    Slime:1 |   30249 |       0 |   0.0 |      39 |       0 |   0.0
    Slime:2 |   25207 |       0 |   0.0 |      43 |       0 |   0.0
    Slime:3 |   22204 |       0 |   0.0 |      41 |       0 |   0.0
    Slime:4 |    6401 |       0 |   0.0 |      13 |       0 |   0.0
    Slime:5 |   23753 |   27853 |  54.0 |      28 |      11 |  28.2
      Orc:1 |     248 |    2473 |  90.9 |       5 |       5 |  50.0
      Orc:2 |     999 |   11255 |  91.8 |      14 |      45 |  76.3
      Elf:1 |   19663 |    4536 |  18.7 |      32 |       9 |  22.0
      Elf:2 |   15335 |   21537 |  58.4 |      28 |      28 |  50.0
      Elf:3 |   11905 |   50919 |  81.1 |      22 |      34 |  60.7
   Vaults:1 |   27671 |   21245 |  43.4 |      56 |      41 |  42.3
   Vaults:2 |   26270 |   28298 |  51.9 |      46 |      31 |  40.3
   Vaults:3 |   28934 |   30615 |  51.4 |      58 |      32 |  35.6
   Vaults:4 |   26585 |   24007 |  47.5 |      42 |      27 |  39.1
   Vaults:5 |   46807 |  108526 |  69.9 |      64 |      80 |  55.6
   Depths:1 |   41458 |    3798 |   8.4 |      45 |       5 |  10.0
   Depths:2 |   28905 |       0 |   0.0 |      35 |       0 |   0.0
    Abyss:2 |   15473 |       0 |   0.0 |      22 |       0 |   0.0
    Abyss:3 |   20021 |    1563 |   7.2 |      48 |       4 |   7.7
      Zig:1 |     521 |       0 |   0.0 |       5 |       0 |   0.0
      Zig:2 |    1868 |       0 |   0.0 |       4 |       0 |   0.0
      Zig:3 |    4405 |       0 |   0.0 |       3 |       0 |   0.0
      Zig:4 |    2179 |       0 |   0.0 |       7 |       0 |   0.0
      Zig:5 |    5842 |       0 |   0.0 |       7 |       0 |   0.0
      Zig:6 |    8695 |       0 |   0.0 |       8 |       0 |   0.0
      Zig:7 |    6069 |       0 |   0.0 |      14 |       0 |   0.0
      Zig:8 |   15484 |       0 |   0.0 |      11 |       0 |   0.0
      Zig:9 |   10535 |       0 |   0.0 |      14 |       0 |   0.0
     Zig:10 |   17736 |       0 |   0.0 |      19 |       0 |   0.0
     Zig:11 |   16890 |    2664 |  13.6 |      23 |       4 |  14.8
     Zig:12 |   24864 |       0 |   0.0 |      16 |       0 |   0.0
     Zig:13 |    8093 |       0 |   0.0 |      24 |       0 |   0.0
      Sewer |       0 |     263 | 100.0 |       0 |      19 | 100.0
      IceCv |       0 |    2984 | 100.0 |       0 |      11 | 100.0
    Volcano |       0 |    3614 | 100.0 |       0 |       4 | 100.0
     WizLab |       0 |    1076 | 100.0 |       0 |       1 | 100.0
 Desolation |       0 |   44070 | 100.0 |       0 |      78 | 100.0
   Gauntlet |       0 |    4536 | 100.0 |       0 |       6 | 100.0
            +---------+---------+-------+---------+---------+-------
